Map: Jagannatha LE

Players

ShoWTimE

  • Race: Protoss Protoss

MaNa - Winner!

  • Race: Protoss Protoss

Event: DreamHack SC2 Masters 2021 Fall

VOD

Have the link to the VOD?

Description

Time

  • Played on: Aug. 3, 2021, 11:48 a.m.
  • Length: 9:18

All games in this series

Show
View Real Time Build Order
Export as new Build Order

ShoWTimE Protoss 

Build Orders: Oracle Opening, Phoenix Opening 

Get SALT Encoding   

  12  0:00  Probe  
  13  0:12  Probe  
  14  0:17  Pylon  
  14  0:24  Probe (Chrono Boost)  
  15  0:36  Probe (Chrono Boost)  
  15  0:37  Gateway  
  16  0:44  Probe (Chrono Boost)  
  16  0:46  Assimilator  
  17  0:50  Probe  
  18  1:03  Probe (Chrono Boost)  
  19  1:04  Assimilator  
  19  1:10  Gateway  
  19  1:13  Probe (Chrono Boost)  
  19  1:18  Probe  
  21  1:25  Cybernetics Core  
  21  1:30  Probe  
  22  1:35  Pylon  
  22  1:42  Probe  
  23  1:54  Probe  
  24  2:02  Stalker, Sentry  
  24  2:05  Warp Gate  
  24  2:06  Probe  
  29  2:11  Pylon  
  29  2:21  Shield Battery  
  29  2:30  Pylon  
  29  2:32  Stalker  
  29  2:35  Stalker, Phoenix  
  33  2:52  Stargate  
  33  3:09  Nexus  
  33  3:13  Probe  
  34  3:25  Probe  
  35  3:27  Pylon  
  35  3:33  Oracle (Chrono Boost)  
  35  3:37  Probe  
  39  3:41  Pylon  
  39  3:49  Probe  
  40  4:00  Oracle (Chrono Boost)  
  40  4:01  Probe  
  44  4:11  Twilight Council  
  44  4:13  Probe  
  45  4:17  Stalker  
  45  4:23  Probe (Chrono Boost)  
  48  4:30  Probe (Chrono Boost)  
  49  4:35  Probe (Chrono Boost), Phoenix  
  53  4:40  Probe x2 (Chrono Boost)  
  50  4:49  Probe (Chrono Boost)  
  48  4:54  Probe (Chrono Boost)  
  49  5:00  Probe (Chrono Boost)  
  49  5:04  Probe (Chrono Boost)  
  49  5:05  Pylon, Shield Battery, Probe (Chrono Boost)  
  49  5:06  Blink (Chrono Boost)  
  51  5:08  Pylon  
  51  5:13  Probe  
  52  5:16  Probe  
  53  5:26  Probe  
  53  5:27  Forge  
  53  5:28  Probe  
  55  5:36  Gateway  
  55  5:38  Probe  
  55  5:40  Probe  
  57  5:45  Stalker x2  
  61  5:50  Probe  
  61  5:52  Probe  
  61  5:54  Protoss Ground Weapons Level 1 (Chrono Boost)  
  63  6:02  Probe  
  64  6:04  Probe  
  64  6:07  Nexus  
  64  6:09  Pylon  
  65  6:12  Assimilator  
  65  6:14  Probe  
  65  6:16  Probe  
  67  6:21  Robotics Facility  
  67  6:26  Gateway, Probe  
  67  6:28  Probe  
  67  6:29  Gateway  
  69  6:36  Gateway  
  69  6:38  Probe  
  70  6:42  Sentry  
  73  6:50  Charge (Chrono Boost)  
  72  6:54  Gateway  
  72  6:55  Shield Battery  
  72  6:56  Sentry  
  72  6:57  Pylon, Zealot  
  76  7:04  Probe  
  76  7:05  Probe  
  78  7:13  Stalker  
  78  7:15  Observer  
  81  7:17  Probe  
  81  7:18  Gateway  
  81  7:19  Probe x2  
  81  7:20  Pylon  
  84  7:29  Probe  
  85  7:31  Probe x2  
  85  7:36  Pylon, Zealot x4  
  95  7:41  Probe, Templar Archives  
  95  7:43  Probe  
  97  7:51  Zealot x2  
  97  7:52  Zealot  
  97  7:55  Pylon, Shield Battery  
  103  8:02  Zealot x4  
  105  8:17  Stalker x4  
  103  8:25  Zealot x4  
  84  8:41  Zealot x4  
  84  8:46  Zealot x4  
Show
View Real Time Build Order
Export as new Build Order

MaNa Protoss - Winner!

Build Orders:  

Get SALT Encoding   

  12  0:00  Probe  
  13  0:12  Probe  
  14  0:17  Pylon  
  14  0:24  Probe (Chrono Boost)  
  15  0:36  Gateway, Probe (Chrono Boost)  
  16  0:44  Probe (Chrono Boost)  
  16  0:47  Assimilator  
  17  0:51  Probe  
  18  1:03  Probe (Chrono Boost)  
  19  1:04  Assimilator  
  19  1:11  Gateway  
  19  1:12  Probe (Chrono Boost)  
  19  1:17  Probe (Chrono Boost)  
  20  1:24  Cybernetics Core  
  21  1:29  Probe  
  22  1:35  Pylon  
  22  1:42  Probe  
  23  1:54  Probe  
  23  2:00  Adept x2  
  23  2:01  Warp Gate  
  28  2:06  Probe  
  29  2:11  Pylon  
  29  2:30  Adept x2  
  29  2:34  Probe  
  33  2:46  Probe  
  34  2:51  Robotics Facility  
  34  2:58  Probe  
  35  3:02  Pylon  
  35  3:03  Sentry x2  
  39  3:21  Probe  
  39  3:22  Nexus  
  40  3:33  Probe  
  41  3:35  Warp Prism (Chrono Boost)  
  43  3:45  Probe  
  44  3:50  Pylon  
  44  3:57  Probe  
  44  3:58  Shield Battery  
  45  4:04  Observer  
  45  4:05  Forge  
  45  4:09  Probe  
  47  4:19  Stalker  
  47  4:21  Stalker  
  51  4:26  Probe  
  52  4:34  Probe  
  52  4:38  Probe  
  52  4:46  Probe  
  52  4:49  Immortal  
  52  4:52  Protoss Ground Weapons Level 1 (Chrono Boost)  
  55  4:53  Probe  
  55  4:58  Probe  
  57  5:04  Stalker  
  59  5:08  Probe  
  59  5:10  Probe  
  59  5:13  Stalker  
  64  5:22  Probe  
  64  5:28  Pylon, Immortal  
  69  5:32  Stalker  
  70  5:46  Probe, Twilight Council  
  70  5:47  Probe  
  72  5:51  Assimilator  
  69  5:59  Probe x2  
  69  6:03  Observer  
  71  6:07  Immortal  
  71  6:11  Probe  
  76  6:13  Stalker  
  76  6:15  Gateway  
  76  6:16  Gateway  
  76  6:17  Blink (Chrono Boost)  
  78  6:27  Pylon  
  78  6:32  Nexus  
  78  6:38  Gateway  
  78  6:40  Observer  
  78  6:44  Gateway  
  78  6:46  Sentry  
  78  6:47  Sentry  
  82  6:50  Probe x2  
  84  7:00  Gateway  
  84  7:03  Gateway  
  83  7:09  Probe x2  
  83  7:21  Pylon, Probe x2  
  83  7:22  Pylon  
  85  7:33  Probe  
  86  7:39  Probe  
  86  7:40  Stalker x4  
  86  7:41  Stalker x2  
  94  8:04  Stalker, Sentry x2  
  94  8:05  Stalker x3  
  106  8:07  Stalker  
  102  8:29  Stalker x3  
  102  8:30  Zealot x3  
  102  8:31  Zealot  
  108  8:43  Zealot  

Tags
 
Add a new tag
Caveats
  • Supply blocks, unpowered buildings, or Contaminate may cause inaccurate times.
  • Supply counts are checked every 10 seconds.